Warning! The script has encountered some errors when parsing the replay. Please report them to the . » details
0x00, prev: 0x16: 16 02 01 00 AB 59 00 00 01 E8 00 00 [00] 00 00 00 00 00 00 00 00 00 00 00 00 00 00 00 00 00 00 00 00 00 00 00 00 00
0x00, prev: 0x00: 16 02 01 00 AB 59 00 00 01 E8 00 00 00 00 00 00 00 00 00 00 00 00 00 00 00 00 00 00 00 00 00 00 00 00 00 00 [00] 00
General information
- name: BNet
- type: Ladder team game (AT/RT)
- host: Battle.net
- saver: brucewillisusa
map: MarketSquare
- players: 8
- length: 20:24
- speed: Fast
- version: 1.23 W3XP
- replay type: Public
» download(115 KB)
Players
team 1 (winner)
zugthis (
pink | 33 APM | 674 actions | 20:24)
6 Blademaster
3 Wind Walk
2 Critical Strike
1 Bladestorm
» actions
| Assign group hotkey | 7 | |
| Build / train | 39 | |
| Enter build submenu | 17 | |
| Enter hero's abilities submenu | 6 | |
| Right click | 279 | |
| Select / deselect | 142 | |
| Select group hotkey | 124 | |
| Use ability | 60 | |
674 total
» units
» upgrades
| Ranged Weapons | 3 | |
| Armor | 2 | |
| Reinforced Defenses | 1 | |
6 total
» buildings
| War Mill | 2 | |
| Orc Burrow | 7 | |
| Altar of Storms | 1 | |
| Watch Tower | 4 | |
| Voodoo Lounge | 1 | |
| Stronghold | 1 | |
| Beastiary | 2 | |
| Fortress | 1 | |
19 total
» build order
00:12 War Mill
00:25 Orc Burrow
00:43 Altar of Storms
01:26 Watch Tower
02:05 Watch Tower
02:12 Orc Burrow
02:36 Voodoo Lounge
03:59 Stronghold
04:01 Orc Burrow
04:05 Orc Burrow
04:14 Orc Burrow
06:01 Watch Tower
06:08 Watch Tower
06:26 Beastiary
06:32 Beastiary
07:27 Orc Burrow
09:46 War Mill
12:05 Fortress
13:20 Orc Burrow
» items
| Healing Salve | 2 | |
| Lesser Clarity Potion | 2 | |
| Orb of Lightning | 1 | |
5 total
brucewillisusa (
purple | 76 APM | 1554 actions | 20:24)
6 Paladin
3 Holy Light
2 Divine Shield
1 Resurrection
4 Archmage
2 Brilliance Aura
2 Blizzard
» actions
| Assign group hotkey | 63 | |
| Basic commands | 88 | |
| Build / train | 74 | |
| ESC pressed | 2 | |
| Enter build submenu | 23 | |
| Enter hero's abilities submenu | 10 | |
| Give item / drop item | 2 | |
| Right click | 575 | |
| Select / deselect | 204 | |
| Select group hotkey | 435 | |
| Use ability | 78 | |
1554 total
» units
| Peasant | 20 | |
| Rifleman | 8 | |
| Sorceress | 4 | |
| Priest | 4 | |
36 total
» upgrades
| Gunpowder | 3 | |
| Masonry | 3 | |
| Long Rifles | 1 | |
| Lumber Harvesting | 1 | |
| Armor | 3 | |
| Priest Training | 2 | |
| Sorceress Training | 2 | |
| Magic Sentry | 1 | |
16 total
» buildings
| Altar of Kings | 1 | |
| Farm | 13 | |
| Lumber Mill | 1 | |
| Blacksmith | 1 | |
| Barracks | 2 | |
| Town Hall | 1 | |
| Scout Tower | 10 | |
| Keep | 1 | |
| Arcane Tower | 1 | |
| Guard Tower | 3 | |
| Castle | 1 | |
| Arcane Sanctum | 2 | |
37 total
» build order
00:22 Altar of Kings
00:36 Farm
01:05 Lumber Mill
01:13 Farm
02:04 Blacksmith
02:07 Barracks
02:10 Barracks
02:24 Farm
04:20 Town Hall
04:39 Farm
04:41 Scout Tower
05:33 Scout Tower
05:34 Scout Tower
05:35 Scout Tower
05:36 Scout Tower
05:37 Scout Tower
05:56 Keep
06:16 Arcane Tower
06:23 Guard Tower
07:46 Guard Tower
07:56 Farm
07:57 Farm
07:57 Farm
08:01 Scout Tower
08:02 Scout Tower
08:03 Scout Tower
08:27 Castle
08:46 Arcane Sanctum
08:46 Arcane Sanctum
11:52 Farm
11:53 Farm
11:53 Farm
11:54 Farm
11:54 Farm
11:56 Guard Tower
» items
| Scroll of Town Portal | 1 | |
| Scroll of Healing | 2 | |
| Scroll of Protection | 1 | |
4 total

»
bigblacksausage (
teal | 21 APM | 423 actions | 20:24)
5 Death Knight
2 Death Coil
3 Unholy Aura
3 Dark Ranger
2 Black Arrow
1 Silence
» actions
| Basic commands | 46 | |
| Build / train | 51 | |
| Enter build submenu | 18 | |
| Enter hero's abilities submenu | 8 | |
| Remove unit from queue | 3 | |
| Right click | 124 | |
| Select / deselect | 149 | |
| Use ability | 24 | |
423 total
» units
| Acolyte | 6 | |
| Ghoul | 5 | |
| Crypt Fiend | 7 | |
| Frost Wyrm | 5 | |
23 total
» upgrades
| Cannibalize | 0 | |
| Web | 1 | |
| Creature Carapace | 2 | |
| Creature Attack | 5 | |
| Burrow | 1 | |
| Freezing Breath | 1 | |
10 total
» buildings
| Ziggurat | 9 | |
| Crypt | 1 | |
| Altar of Darkness | 1 | |
| Graveyard | 1 | |
| Tomb of Relics | 1 | |
| Halls of the Dead | 1 | |
| Black Citadel | 1 | |
| Sacrificial Pit | 1 | |
| Boneyard | 2 | |
18 total
» build order
00:11 Ziggurat
00:14 Crypt
00:38 Altar of Darkness
01:04 Ziggurat
01:45 Graveyard
02:33 Tomb of Relics
03:07 Halls of the Dead
04:48 Ziggurat
06:09 Black Citadel
08:36 Sacrificial Pit
08:47 Ziggurat
08:53 Ziggurat
09:01 Ziggurat
09:13 Ziggurat
10:41 Boneyard
10:47 Boneyard
12:26 Ziggurat
12:34 Ziggurat
» items
| Potion of Healing | 1 | |
| Orb of Corruption | 1 | |
2 total
Non_Linear (
green | 40 APM | 819 actions | 20:24)
5 Archmage
2 Summon Water Elemental
3 Blizzard
» actions
| Assign group hotkey | 199 | |
| Basic commands | 6 | |
| Build / train | 52 | |
| Enter build submenu | 24 | |
| Enter hero's abilities submenu | 5 | |
| Remove unit from queue | 2 | |
| Right click | 212 | |
| Select / deselect | 131 | |
| Select group hotkey | 158 | |
| Use ability | 30 | |
819 total
» units
» upgrades
| Masonry | 3 | |
| Gunpowder | 3 | |
| Armor | 3 | |
| Fragmentation Shards | 1 | |
| Flare | 1 | |
11 total
» buildings
| Altar of Kings | 1 | |
| Farm | 11 | |
| Barracks | 1 | |
| Scout Tower | 5 | |
| Lumber Mill | 1 | |
| Guard Tower | 4 | |
| Keep | 1 | |
| Blacksmith | 1 | |
| Workshop | 2 | |
| Castle | 1 | |
28 total
» build order
00:32 Altar of Kings
00:38 Farm
00:53 Barracks
01:15 Farm
02:15 Scout Tower
02:17 Lumber Mill
02:29 Scout Tower
02:44 Farm
02:50 Farm
03:02 Farm
03:20 Guard Tower
03:34 Farm
03:51 Keep
04:05 Scout Tower
04:15 Scout Tower
04:48 Blacksmith
04:55 Guard Tower
05:05 Farm
05:25 Guard Tower
05:42 Scout Tower
05:47 Farm
06:15 Workshop
06:18 Workshop
06:23 Guard Tower
07:46 Castle
08:23 Farm
10:09 Farm
15:52 Farm
» items
team 2 (loser)
Le.BouChOn (
yellow | 59 APM | 1207 actions | 20:24)
3 Archmage
1 Blizzard
2 Brilliance Aura
1 Paladin
1 Holy Light
» actions
| Basic commands | 173 | |
| Build / train | 52 | |
| ESC pressed | 1 | |
| Enter build submenu | 24 | |
| Enter hero's abilities submenu | 4 | |
| Remove unit from queue | 2 | |
| Right click | 554 | |
| Select / deselect | 263 | |
| Use ability | 134 | |
1207 total
» units
| Peasant | 12 | |
| Footman | 5 | |
| Mortar Team | 8 | |
25 total
» upgrades
» buildings
| Altar of Kings | 1 | |
| Farm | 9 | |
| Lumber Mill | 1 | |
| Scout Tower | 5 | |
| Barracks | 1 | |
| Guard Tower | 5 | |
| Keep | 1 | |
| Arcane Vault | 1 | |
| Blacksmith | 1 | |
| Workshop | 2 | |
| Cannon Tower | 1 | |
28 total
» build order
00:12 Altar of Kings
00:16 Farm
00:19 Lumber Mill
01:49 Scout Tower
02:32 Barracks
02:35 Scout Tower
02:52 Farm
03:05 Scout Tower
03:07 Guard Tower
03:19 Scout Tower
03:32 Guard Tower
03:33 Guard Tower
03:39 Farm
03:52 Guard Tower
04:49 Keep
04:55 Farm
05:01 Farm
06:48 Arcane Vault
06:57 Blacksmith
07:44 Workshop
07:49 Workshop
08:14 Scout Tower
08:49 Farm
08:52 Cannon Tower
10:05 Farm
10:43 Farm
10:45 Farm
» items
| Scroll of Regeneration | 1 | |
| Scroll of Town Portal | 6 | |
7 total
Dethstalker (
blue | 24 APM | 476 actions | 19:42)
1 Death Knight
1 Death Coil
1 Lich
1 Frost Armor
» actions
| Assign group hotkey | 16 | |
| Basic commands | 62 | |
| Build / train | 31 | |
| Enter build submenu | 12 | |
| Enter hero's abilities submenu | 2 | |
| Right click | 103 | |
| Select / deselect | 121 | |
| Select group hotkey | 100 | |
| Use ability | 29 | |
476 total
» units
| Acolyte | 3 | |
| Ghoul | 3 | |
| Crypt Fiend | 5 | |
| Obsidian Statue | 5 | |
| Frost Wyrm | 1 | |
17 total
» upgrades
| Creature Carapace | 1 | |
| Web | 1 | |
| Burrow | 1 | |
3 total
» buildings
| Altar of Darkness | 1 | |
| Ziggurat | 5 | |
| Crypt | 1 | |
| Graveyard | 1 | |
| Nerubian Tower | 3 | |
| Halls of the Dead | 2 | |
| Tomb of Relics | 1 | |
| Spirit Tower | 1 | |
| Slaughterhouse | 1 | |
| Black Citadel | 1 | |
| Sacrificial Pit | 1 | |
| Boneyard | 1 | |
19 total
» build order
00:14 Altar of Darkness
00:17 Ziggurat
00:36 Crypt
01:00 Graveyard
01:20 Ziggurat
03:15 Nerubian Tower
03:46 Halls of the Dead
04:17 Halls of the Dead
04:41 Tomb of Relics
05:21 Nerubian Tower
05:25 Ziggurat
06:05 Ziggurat
06:23 Spirit Tower
06:55 Slaughterhouse
07:36 Nerubian Tower
08:59 Black Citadel
09:47 Sacrificial Pit
09:58 Ziggurat
12:25 Boneyard
buma (
orange | 32 APM | 500 actions | 15:39)
3 Dark Ranger
2 Black Arrow
1 Silence
1 Priestess of the Moon
1 Trueshot Aura
» actions
| Assign group hotkey | 14 | |
| Build / train | 55 | |
| Enter build submenu | 14 | |
| Enter hero's abilities submenu | 4 | |
| Give item / drop item | 1 | |
| Right click | 235 | |
| Select / deselect | 125 | |
| Select group hotkey | 19 | |
| Use ability | 33 | |
500 total
» units
» upgrades
| Strength of the Moon | 1 | |
| Improved Bows | 1 | |
| Abolish Magic | 1 | |
| Strength of the Wild | 2 | |
5 total
» buildings
| Moon Well | 11 | |
| Ancient of War | 1 | |
| Altar of Elders | 1 | |
| Hunter's Hall | 1 | |
| Tree of Ages | 1 | |
| Ancient of Wonders | 1 | |
| Ancient of Lore | 4 | |
20 total
» build order
00:22 Moon Well
00:36 Moon Well
01:16 Ancient of War
01:27 Altar of Elders
02:38 Moon Well
02:42 Hunter's Hall
05:42 Tree of Ages
05:52 Moon Well
06:52 Ancient of Wonders
11:14 Ancient of Lore
11:14 Ancient of Lore
11:19 Ancient of Lore
11:23 Ancient of Lore
13:08 Moon Well
13:08 Moon Well
13:09 Moon Well
13:10 Moon Well
13:14 Moon Well
13:15 Moon Well
13:15 Moon Well
» items
| Scroll of Town Portal | 1 | |
| Periapt of Vitality | 1 | |
| Scroll of Healing | 1 | |
3 total
SavageGarden (
red | 23 APM | 397 actions | 17:21)
3 Priestess of the Moon
2 Trueshot Aura
1 Scout
2 Keeper of the Grove
1 Thorns Aura
1 Entangling Roots
» actions
| Assign group hotkey | 15 | |
| Basic commands | 3 | |
| Build / train | 50 | |
| Enter build submenu | 15 | |
| Enter hero's abilities submenu | 6 | |
| Remove unit from queue | 3 | |
| Right click | 76 | |
| Select / deselect | 167 | |
| Select group hotkey | 36 | |
| Use ability | 26 | |
397 total
» units
| Wisp | 11 | |
| Archer | 11 | |
| Huntress | 6 | |
| Hippogryph | 5 | |
33 total
» upgrades
| Strength of the Moon | 2 | |
| Moon Armor | 1 | |
| Hippogryph Taming | 1 | |
| Improved Bows | 1 | |
5 total
» buildings
| Altar of Elders | 1 | |
| Moon Well | 7 | |
| Ancient of War | 2 | |
| Hunter's Hall | 1 | |
| Tree of Ages | 1 | |
| Ancient of Wind | 2 | |
| Ancient of Wonders | 1 | |
| Tree of Eternity | 1 | |
16 total
» build order
00:25 Altar of Elders
00:36 Moon Well
00:52 Ancient of War
02:28 Moon Well
02:46 Moon Well
03:19 Hunter's Hall
04:03 Tree of Ages
04:29 Moon Well
05:31 Moon Well
07:41 Ancient of Wind
07:47 Ancient of Wind
07:54 Ancient of War
12:29 Ancient of Wonders
13:17 Tree of Eternity
14:19 Moon Well
15:13 Moon Well
Chat log
(00:18 / Allies) Non_Linear: hoi
(00:23 / Allies) brucewillisusa: hoy
(01:00 / All) brucewillisusa: rofl turn off maphack you ass clown
(01:39 / All) brucewillisusa: ALT+A to toggle ally colors
(01:41 / Allies) Non_Linear: how do u know
(01:53 / Allies) brucewillisusa: use a couple miltita
(01:55 / Allies) brucewillisusa: not all
(01:56 / Allies) brucewillisusa: TT
(02:07 / Allies) Non_Linear: yeah that didn't come to mind at the time
(03:09 / Allies) brucewillisusa: come deathknight
(03:13 / Allies) brucewillisusa: im fast expo with miltia
(03:23 / Allies) brucewillisusa: wait on them
(03:40 / Allies) Non_Linear: come death knight
(03:46 / Allies) Non_Linear: that's just somehow hysterical
(03:49 / Allies) brucewillisusa: :p
(03:55 / Allies) brucewillisusa: ioops
(04:31 / Allies) brucewillisusa: attack him with ur hero
(05:05 / Allies) brucewillisusa: red hero...
(05:07 / Allies) brucewillisusa: red health
(05:15 / Allies) Non_Linear: we're good
(05:20 / Allies) Non_Linear: gj
(05:48 / Allies) brucewillisusa: wtf teching on end
(05:53 / Allies) brucewillisusa: ;[
(05:55 / Allies) Non_Linear: but nice def
(06:05 / Allies) brucewillisusa: yeah i hope to see how he tps that defense to your town
(06:07 / Allies) brucewillisusa: when they skip his
(06:23 / Allies) bigblacksausage: purp
(06:29 / Allies) bigblacksausage: help plz
(06:36 / Allies) Non_Linear: the truth is he lost his tp
(06:45 / Allies) bigblacksausage: pout
(06:50 / Allies) bigblacksausage: you cant take him alone
(07:07 / Allies) brucewillisusa: retard sealed of his base
(07:08 / Allies) brucewillisusa: christ
(07:16 / Allies) Non_Linear: no i didn't rofl
(07:47 / Allies) bigblacksausage: pruple
(07:51 / Allies) brucewillisusa: dont let them focus ur hero
(07:58 / Allies) Non_Linear: b
(08:29 / Allies) brucewillisusa: wood pls
(08:31 / Allies) brucewillisusa: will trade gold
(08:40 / Allies) brucewillisusa: lets do mid now
(08:41 / Allies) brucewillisusa: all
(08:58 / Allies) Non_Linear: not yet
(09:46 / Allies) Non_Linear: b
(09:53 / Allies) brucewillisusa: where the fuck is our team
(09:54 / Allies) brucewillisusa: jesus
(10:02 / Allies) brucewillisusa: im about ready to stab
(11:57 / Allies) Non_Linear: nicely done
(12:04 / All) Dethstalker: gg
(12:05 / Allies) Non_Linear: shall we attack
(12:10 / All) Dethstalker: no help here
(12:13 / Allies) brucewillisusa: does our orc have any units?
(12:25 / Allies) Non_Linear: dude we're all doing fine
(12:27 / Allies) zugthis: guess i bring em
(12:43 / Allies) brucewillisusa: we have zero melee
(12:44 / Allies) brucewillisusa: split hit?
(13:16 / Allies) bigblacksausage: can you witch to knights purple
(13:19 / Allies) brucewillisusa: no
(13:27 / Allies) Non_Linear: u only upgraded once
(13:27 / Allies) bigblacksausage: just rifles?
(13:40 / Allies) brucewillisusa: just rifles
(13:52 / Allies) bigblacksausage: green
(13:56 / Allies) bigblacksausage: kill yellows main
(13:57 / Allies) Non_Linear: yes?
(14:01 / All) zugthis: u m yello
(14:03 / Allies) Non_Linear: towers bro
(14:05 / Allies) bigblacksausage: with morts
(14:10 / Allies) bigblacksausage: dude
(14:11 / Allies) bigblacksausage: you have morts
(14:15 / Allies) bigblacksausage: morts kill towers
(14:16 / Allies) Non_Linear: so do they
(14:20 / Allies) bigblacksausage: farther than towers hit
(14:22 / Allies) Non_Linear: support me then a little
(14:23 / Allies) bigblacksausage: are you stupid
(14:27 / Allies) bigblacksausage: morts have longer range
(14:29 / Allies) Non_Linear: wow
(14:30 / Allies) bigblacksausage: GO
(14:35 / Allies) bigblacksausage: thats what mortars are for
(14:37 / Allies) Non_Linear: if i fail its ur fault
(14:37 / Allies) bigblacksausage: are you kidding me
(14:37 / Allies) brucewillisusa: split hit
(14:39 / Allies) brucewillisusa: and split hit
(14:40 / Allies) zugthis: yello idiot
(14:41 / Allies) Non_Linear: admit that?
(14:41 / Allies) bigblacksausage: domt be a dumb ass
(14:46 / Allies) bigblacksausage: he thinks towers hit farther than morts
(14:48 / All) brucewillisusa: free win in 3...2...1... team is having a bitch fit
(15:09 / Allies) bigblacksausage: hit main
(15:13 / Allies) bigblacksausage: gj
(15:25 / Allies) Non_Linear: no need to thank me rofl...
(15:38 / Allies) bigblacksausage: i wont
(15:41 / Allies) bigblacksausage: your an idiot
(15:57 / Allies) bigblacksausage: youd still be sittign at your base
(16:01 / Allies) bigblacksausage: worrying about towers
(16:07 / Allies) Non_Linear: rofl
(16:09 / Allies) bigblacksausage: morts own
(16:10 / All) Dethstalker: gg yello teamkilld
(16:55 / All) Dethstalker: ya he did it to me and the other
(17:02 / Allies) bigblacksausage: go green
(17:03 / All) brucewillisusa: did you see at start
(17:05 / All) Dethstalker: but u guys sukd anyway
(17:09 / All) brucewillisusa: he tried to tower rush guy to his right
(17:10 / Allies) bigblacksausage: just go wipe out bases
(17:11 / All) brucewillisusa: because he had maphack on
(17:11 / Allies) bigblacksausage: its over
(17:13 / Allies) bigblacksausage: your seige
(17:14 / All) brucewillisusa: and he didnt know who was in fog
(17:15 / Allies) bigblacksausage: go kill
(17:26 / All) Le.BouChOn: lol
(17:30 / Allies) Non_Linear: no need to kill his tree
(18:01 / Allies) Non_Linear: omw teal
(18:01 / All) bigblacksausage: i got him
(18:07 / All) bigblacksausage: dont worry guys
(18:11 / All) bigblacksausage: i got yellow for you
(18:16 / All) bigblacksausage: give you a chance
(18:22 / Allies) Non_Linear: ah the joy
(18:34 / Allies) Non_Linear: ur a fucking retard btw teal an asshole too
(18:38 / All) Dethstalker: nah we are gone but they sukd anyway
(18:49 / All) bigblacksausage: why am i a retard?
(18:49 / All) brucewillisusa: my team was bitching for liek 6 minutes about whether morts outranged towers or not
(18:54 / All) bigblacksausage: im interested to hear this
(18:55 / All) brucewillisusa: at least thats what i think it was about
(19:00 / All) bigblacksausage: what did i do that was retarted?
(19:12 / All) Non_Linear: wow i was doing so fine but people are chastising me for getting morts
(19:13 / All) Dethstalker: i AM TALKIN BOUT MY TEAM
(19:17 / Allies) bigblacksausage: you thought towers beat morts first off
(19:23 / Allies) bigblacksausage: your a fucking idiot
(19:26 / Allies) bigblacksausage: i said morts own
(19:29 / All) Non_Linear: no i was just being cautious
(19:29 / Allies) Non_Linear: omg
(19:32 / Allies) bigblacksausage: you were scared of towers
(19:35 / Allies) Non_Linear: i know more about morts then u
(19:40 / All) Le.BouChOn: STFU ASSHOLE
(19:40 / Allies) bigblacksausage: no
(19:42 / All) brucewillisusa: "i know more about morts than you"
(19:44 / Allies) bigblacksausage: you clewarly dont
(19:45 / Allies) Non_Linear: u fucking idiot
(19:51 / All) Le.BouChOn: yeah u suck
(19:51 / Allies) bigblacksausage: you thought towers have farther range than morts
(19:53 / All) Le.BouChOn: stfu
(19:54 / All) brucewillisusa: stfu hacker
(19:57 / Allies) Non_Linear: wow ur fucking idiot purp u had nothing but rifles
(19:58 / Allies) bigblacksausage: so no you dont know more abiout morts
(19:59 / All) brucewillisusa: THEN ALT QQ
(20:03 / Allies) Non_Linear: fuck
(20:09 / Allies) Non_Linear: fucking retarded teams
(20:12 / All) Le.BouChOn: suck my dick
(20:15 / All) brucewillisusa: ALT A
(20:17 / All) brucewillisusa: ALT QQ